Selects Australian Defense Battlegroup
Selects Australian Light Infantry Section
Australian Light Infantry Section
Australian Light Infantry Section
Construct Section Command Post
Construct Platoon Command Post
Selects CMP 15cwt Supply Run
6-pounder Anti-tank Gun Team
Unlock Bishop Self-propelled Artillery
Bishop Self-propelled Artillery
Selects Reinforced Resource Caches
Australian Light Infantry Section
Selects Archer Tank Destroyer
Bishop Self-propelled Artillery
Selects Defensive Tactics